TOP OF THE 1ST |
Casper Ghosts batting - Pitching for Riverside Red Bulls : RHP Máximo Salazar
|
Pitching: RHP Máximo Salazar
|
|
Batting: RHB Hunter Plunket
|
0-0: Called Strike 0-1: Ball 1-1: Ground out U3 (Groundball, 3)
|
Batting: LHB Ramón Córdova
|
0-0: Fly out, F4 (Popup, 34D)
|
Batting: RHB Júlio Sánchez
|
0-0: Fly out, F8 (Line Drive, 89M)
|
Top of the 1st over - 0 run(s), 0 hit(s), 0 error(s), 0 left on base; Casper 0 - Riverside 0 |
BOTTOM OF THE 1ST |
Riverside Red Bulls batting - Pitching for Casper Ghosts : LHP Ben Reyes
|
Pitching: LHP Ben Reyes
|
|
Batting: SHB Ángel Estrada
|
0-0: Ball 1-0: Ball 2-0: Foul Ball, location: 2F 2-1: Ground out 5-3 (Groundball, 5L)
|
Batting: RHB Patrick Daniels
|
0-0: Called Strike 0-1: Ball 1-1: Ball 2-1: Fly out, F9 (Flyball, 9LM)
|
Batting: RHB Gilberto Silva
|
0-0: Ball 1-0: Ball 2-0: Ground out 5-3 (Groundball, 25)
|
Bottom of the 1st over - 0 run(s), 0 hit(s), 0 error(s), 0 left on base; Casper 0 - Riverside 0 |
TOP OF THE 2ND |
Casper Ghosts batting - Pitching for Riverside Red Bulls : RHP Máximo Salazar
|
Batting: SHB Dave Henley
|
0-0: Ball 1-0: Ball 2-0: Swinging Strike 2-1: Ball 3-1: Base on Balls
|
Batting: RHB Juan García
|
0-0: Foul Ball, location: 2F 0-1: Ball 1-1: Ball 2-1: Ball 3-1: Swinging Strike 3-2: Strikes out swinging Dave Henley is caught stealing 2nd base Batter strikes out.
|
Batting: SHB José González
|
0-0: Fly out, F2 (Popup, 23)
|
Top of the 2nd over - 0 run(s), 0 hit(s), 0 error(s), 0 left on base; Casper 0 - Riverside 0 |
BOTTOM OF THE 2ND |
Riverside Red Bulls batting - Pitching for Casper Ghosts : LHP Ben Reyes
|
Batting: RHB Luis Bustamante
|
0-0: Ball 1-0: Ball 2-0: Called Strike 2-1: Called Strike 2-2: Ball 3-2: Base on Balls
|
Batting: RHB Fernando Bórquez
|
0-0: Ball 1-0: Ball 2-0: Grounds into double play, 6-4-3 (Groundball, 6)
|
Batting: RHB Gilberto Tovar
|
0-0: Ball 1-0: Foul Ball, location: 2F 1-1: Foul Ball, location: 2F 1-2: Strikes out swinging
|
Bottom of the 2nd over - 0 run(s), 0 hit(s), 0 error(s), 0 left on base; Casper 0 - Riverside 0 |
TOP OF THE 3RD |
Casper Ghosts batting - Pitching for Riverside Red Bulls : RHP Máximo Salazar
|
Batting: RHB Mark Arnold
|
0-0: Foul Ball, location: 2F 0-1: Foul Ball, location: 2F 0-2: Ball 1-2: Foul Ball, location: 2F 1-2: Ball 2-2: Ground out 6-3 (Groundball, 6)
|
Batting: SHB Ricardo Arévalo
|
0-0: Foul Ball, location: 2F 0-1: Foul Ball, location: 2F 0-2: Ball 1-2: Strikes out swinging
|
Batting: LHB Ralph Cobb
|
0-0: Foul Ball, location: 2F 0-1: Ball 1-1: SOLO HOME RUN (Flyball, 78XD), Distance : 409 ft
|
Batting: RHB Hunter Plunket
|
0-0: Called Strike 0-1: Foul Ball, location: 2F 0-2: Ball 1-2: Strikes out swinging
|
Top of the 3rd over - 1 run(s), 1 hit(s), 0 error(s), 0 left on base; Casper 1 - Riverside 0 |
BOTTOM OF THE 3RD |
Riverside Red Bulls batting - Pitching for Casper Ghosts : LHP Ben Reyes
|
Batting: LHB Miguel Gálvez
|
0-0: Ball 1-0: Ground out 1-3 (Groundball, P)
|
Batting: RHB Lakota O'Reilly
|
0-0: Called Strike 0-1: Bunted foul 0-2: Foul Ball, location: 2F 0-2: Ball 1-2: Ball 2-2: Ball 3-2: Foul Ball, location: 2F 3-2: Strikes out looking
|
Batting: LHB José Arce
|
0-0: Called Strike 0-1: Ball 1-1: Foul Ball, location: 2F 1-2: Ball 2-2: Strikes out swinging
|
Bottom of the 3rd over - 0 run(s), 0 hit(s), 0 error(s), 0 left on base; Casper 1 - Riverside 0 |
TOP OF THE 4TH |
Casper Ghosts batting - Pitching for Riverside Red Bulls : RHP Máximo Salazar
|
Batting: LHB Ramón Córdova
|
0-0: Called Strike 0-1: Ball 1-1: Ball 2-1: Called Strike 2-2: TRIPLE (Flyball, 89D)
|
Batting: RHB Júlio Sánchez
|
0-0: Ground out 6-3 (Groundball, 6) Ramón Córdova scores
|
Batting: SHB Dave Henley
|
0-0: Ball 1-0: Called Strike 1-1: Ball 2-1: Ball 3-1: Called Strike 3-2: Strikes out swinging
|
Batting: RHB Juan García
|
0-0: Foul Ball, location: 2F 0-1: Ball 1-1: Ball 2-1: Called Strike 2-2: Foul Ball, location: 2F 2-2: Strikes out swinging
|
Top of the 4th over - 1 run(s), 1 hit(s), 0 error(s), 0 left on base; Casper 2 - Riverside 0 |
BOTTOM OF THE 4TH |
Riverside Red Bulls batting - Pitching for Casper Ghosts : LHP Ben Reyes
|
Batting: SHB Ángel Estrada
|
0-0: Ball 1-0: Swinging Strike 1-1: Fly out, F7 (Line Drive, 7)
|
Batting: RHB Patrick Daniels
|
0-0: Ball 1-0: Called Strike 1-1: Ball 2-1: Foul Ball, location: 2F 2-2: Foul Ball, location: 2F 2-2: Strikes out looking
|
Batting: RHB Gilberto Silva
|
0-0: SINGLE (Flyball, 89M)
|
Batting: RHB Luis Bustamante
|
0-0: Called Strike 0-1: Ball 1-1: Foul Ball, location: 2F Pickoff Throw to First - Error! E1 Gilberto Silva to second 1-2: Ground out 5-3 (Groundball, 56)
|
Bottom of the 4th over - 0 run(s), 1 hit(s), 1 error(s), 1 left on base; Casper 2 - Riverside 0 |
TOP OF THE 5TH |
Casper Ghosts batting - Pitching for Riverside Red Bulls : RHP Máximo Salazar
|
Batting: SHB José González
|
0-0: Called Strike 0-1: Ball 1-1: Ball 2-1: Foul Ball, location: 2F 2-2: Foul Ball, location: 2F 2-2: Strikes out swinging
|
Batting: RHB Mark Arnold
|
0-0: Foul Ball, location: 2F 0-1: Ball 1-1: Fly out, F7 (Flyball, 7S)
|
Batting: SHB Ricardo Arévalo
|
0-0: Ball 1-0: Ground out 4-3 (Groundball, 34)
|
Top of the 5th over - 0 run(s), 0 hit(s), 0 error(s), 0 left on base; Casper 2 - Riverside 0 |
BOTTOM OF THE 5TH |
Riverside Red Bulls batting - Pitching for Casper Ghosts : LHP Ben Reyes
|
Batting: RHB Fernando Bórquez
|
0-0: Called Strike 0-1: Ball 1-1: Ground out 6-3 (Groundball, 6M)
|
Batting: RHB Gilberto Tovar
|
0-0: SINGLE (Groundball, 6D)
|
Batting: LHB Miguel Gálvez
|
0-0: Ball 1-0: Called Strike 1-1: Fly out, F3 (Popup, 3L)
|
Batting: RHB Lakota O'Reilly
|
0-0: Ball 1-0: Fly out, F8 (Flyball, 8RS)
|
Bottom of the 5th over - 0 run(s), 1 hit(s), 0 error(s), 1 left on base; Casper 2 - Riverside 0 |
TOP OF THE 6TH |
Casper Ghosts batting - Pitching for Riverside Red Bulls : RHP Máximo Salazar
|
Batting: LHB Ralph Cobb
|
0-0: Ball 1-0: Called Strike 1-1: Swinging Strike 1-2: Ball 2-2: Foul Ball, location: 2F 2-2: Ball 3-2: Strikes out swinging
|
Batting: RHB Hunter Plunket
|
0-0: Called Strike 0-1: Ball 1-1: Foul Ball, location: 2F 1-2: Foul Ball, location: 2F 1-2: Strikes out swinging
|
Batting: LHB Ramón Córdova
|
0-0: Ball 1-0: Ball 2-0: Ball 3-0: Base on Balls
|
Batting: RHB Júlio Sánchez
|
0-0: Ball 1-0: Foul Ball, location: 2F 1-1: Ground out 1-3 (Groundball, 13S)
|
Top of the 6th over - 0 run(s), 0 hit(s), 0 error(s), 1 left on base; Casper 2 - Riverside 0 |
BOTTOM OF THE 6TH |
Riverside Red Bulls batting - Pitching for Casper Ghosts : LHP Ben Reyes
|
Batting: LHB José Arce
|
0-0: Foul Ball, location: 2F 0-1: Called Strike 0-2: Strikes out swinging
|
Batting: SHB Ángel Estrada
|
0-0: Ball 1-0: Foul Ball, location: 2F 1-1: Swinging Strike 1-2: Foul Ball, location: 2F 1-2: DOUBLE (Flyball, 7LM)
|
Batting: RHB Patrick Daniels
|
0-0: Ball 1-0: Called Strike 1-1: Fly out, F8 (Flyball, 78M)
|
Batting: RHB Gilberto Silva
|
0-0: Ball 1-0: Ball 2-0: Ground out 5-3 (Groundball, 5L)
|
Bottom of the 6th over - 0 run(s), 1 hit(s), 0 error(s), 1 left on base; Casper 2 - Riverside 0 |
TOP OF THE 7TH |
Casper Ghosts batting - Pitching for Riverside Red Bulls : RHP Máximo Salazar
|
Batting: SHB Dave Henley
|
0-0: Fly out, F9 (Flyball, 9)
|
Batting: RHB Juan García
|
0-0: Foul Ball, location: 2F 0-1: Swinging Strike 0-2: Foul Ball, location: 2F 0-2: Ground out 6-3 (Groundball, 6)
|
Batting: SHB José González
|
0-0: Called Strike 0-1: Hit by Pitch
|
Batting: RHB Mark Arnold
|
0-0: Ball 1-0: Called Strike 1-1: Called Strike 1-2: Foul Ball, location: 2F 1-2: Strikes out swinging
|
Top of the 7th over - 0 run(s), 0 hit(s), 0 error(s), 1 left on base; Casper 2 - Riverside 0 |
BOTTOM OF THE 7TH |
Riverside Red Bulls batting - Pitching for Casper Ghosts : LHP Ben Reyes
|
Batting: RHB Luis Bustamante
|
0-0: Ground out 6-3 (Groundball, 6MD)
|
Batting: RHB Fernando Bórquez
|
0-0: Fly out, F8 (Flyball, 8RM)
|
Batting: RHB Gilberto Tovar
|
0-0: Called Strike 0-1: Ball 1-1: Ground out 5-3 (Groundball, 5)
|
Bottom of the 7th over - 0 run(s), 0 hit(s), 0 error(s), 0 left on base; Casper 2 - Riverside 0 |
TOP OF THE 8TH |
Casper Ghosts batting - Pitching for Riverside Red Bulls : RHP Máximo Salazar
|
Batting: SHB Ricardo Arévalo
|
0-0: Called Strike 0-1: Called Strike 0-2: Ball 1-2: Ball 2-2: Ball 3-2: Fly out, F7 (Flyball, 78S)
|
Pitching: RHP Carlos Rodríguez
|
|
Batting: LHB Ralph Cobb
|
0-0: Called Strike 0-1: SINGLE (Groundball, 5D)
|
Batting: RHB Hunter Plunket
|
0-0: Ball 1-0: Reached on error, E5 (Groundball, 56S) Ralph Cobb to third
|
Batting: LHB Ramón Córdova
|
0-0: Called Strike 0-1: Fly out, F7 (Flyball, 7LS)
|
Batting: RHB Júlio Sánchez
|
0-0: Foul Ball, location: 2F 0-1: Swinging Strike 0-2: Strikes out swinging
|
Top of the 8th over - 0 run(s), 1 hit(s), 1 error(s), 2 left on base; Casper 2 - Riverside 0 |
BOTTOM OF THE 8TH |
Riverside Red Bulls batting - Pitching for Casper Ghosts : LHP Ben Reyes
|
Batting: LHB Miguel Gálvez
|
0-0: TRIPLE (Flyball, 89XD)
|
Batting: RHB Lakota O'Reilly
|
0-0: Ball 1-0: Ground out 6-3 (Groundball, 6MS) Miguel Gálvez scores
|
Batting: LHB José Arce
|
0-0: Fly out, F9 (Flyball, 9S)
|
Batting: SHB Ángel Estrada
|
0-0: Called Strike 0-1: Swinging Strike 0-2: Strikes out swinging
|
Bottom of the 8th over - 1 run(s), 1 hit(s), 0 error(s), 0 left on base; Casper 2 - Riverside 1 |
TOP OF THE 9TH |
Casper Ghosts batting - Pitching for Riverside Red Bulls : RHP Carlos Rodríguez
|
Batting: SHB Dave Henley
|
0-0: Ball 1-0: Reached on error, E5 (Groundball, 56)
|
Batting: RHB Juan García
|
0-0: Swinging Strike 0-1: Ball 1-1: Swinging Strike 1-2: Strikes out swinging
|
Batting: SHB José González
|
0-0: Called Strike Dave Henley steals 2nd base 0-1: Called Strike 0-2: Ball 1-2: Foul Ball, location: 2F 1-2: Foul Ball, location: 2F 1-2: Foul Ball, location: 2F 1-2: Ball 2-2: Ball 3-2: Foul Ball, location: 2F 3-2: SINGLE (Line Drive, 6D) Dave Henley to third
|
Batting: RHB Mark Arnold
|
0-0: Ball 1-0: Reached on error, E5 (Groundball, 56) Dave Henley scores José González to third
|
Batting: SHB Ricardo Arévalo
|
0-0: Intentional Walk
|
Batting: LHB Ralph Cobb
|
0-0: Grounds into double play, 4-2-3 (Groundball, 34)
|
Top of the 9th over - 1 run(s), 1 hit(s), 2 error(s), 2 left on base; Casper 3 - Riverside 1 |
BOTTOM OF THE 9TH |
Riverside Red Bulls batting - Pitching for Casper Ghosts : LHP Ben Reyes
|
Pitching: RHP Willie Alexander
|
|
Batting: RHB Patrick Daniels
|
0-0: Foul Ball, location: 2F 0-1: Ball 1-1: Fly out, F9 (Flyball, 9D)
|
Batting: RHB Gilberto Silva
|
0-0: Called Strike 0-1: Called Strike 0-2: Ball 1-2: Strikes out swinging
|
Batting: RHB Luis Bustamante
|
0-0: Ball 1-0: Ball 2-0: Ball 3-0: Base on Balls
|
Pinch Runner at 1st Donovan James:
|
|
Pinch Hitting: LHB William Wolf
|
0-0: Foul Ball, location: 2F 0-1: Swinging Strike 0-2: Ball 1-2: Ball 2-2: Foul Ball, location: 2F 2-2: Strikes out swinging
|
Bottom of the 9th over - 0 run(s), 0 hit(s), 0 error(s), 1 left on base; Casper 3 - Riverside 1 |
|